 Dungeon Crawl Stone Soup version 0.30-a0-632-g346586fe48 (webtiles) character file.

Game seed: 11567553979370293584

16 BradSin the Magician (level 2, -2/21 HPs)
             Began as a Djinni Fire Elementalist on Jan 13, 2023.
             Was a Follower of Makhleb.
             Frozen to death by an endoplasm (7 damage)
             ... on level 1 of the Dungeon.
             The game lasted 00:03:03 (480 turns).

BradSin the Magician (Djinni Fire Elementalist)      Turns: 480, Time: 00:03:04

Health: -2/21      AC:  7    Str:  7    XL:     2   Next: 75%
Gold:   10         EV: 10    Int: 16    God:    Makhleb [*.....] SH:  0 Dex: 13

rFire   + + .      SeeInvis .    d - +0 dagger
rCold   x . .      Faith    .    (no shield)
rNeg    . . .      Spirit   .    c - +0 ring mail
rPois   ∞          Reflect  .    a - +0 helmet
rElec   .          Harm     .    (no cloak)
rCorr   .          Rampage  .    e - +0 pair of gloves
Will    .....                    (boots unavailable)
Stlth   +                        (no amulet)
HPRegen 0.23/turn                (no ring)
MPRegen 0.00/turn                (no ring)

@: flying
A: sickness immunity, fire resistance 2, cold vulnerability 1, float, innate
caster, HP casting, extra vitality 1
a: Renounce Religion


You were on level 1 of the Dungeon.
You worshipped Makhleb.
Makhleb was aware of your devotion.
You visited 1 branch of the dungeon, and saw 1 of its levels.

You collected 10 gold pieces.

Inventory:

Hand Weapons
 d - a +0 dagger (weapon)
Armour
 a - a +0 helmet (worn)
 c - a +0 ring mail (worn)
 e - a +0 pair of gloves (worn)
Scrolls
 g - a scroll of amnesia {unknown}
 h - 2 scrolls of identify {unknown}
Potions
 b - a potion of magic
 f - a potion of invisibility {unknown}


   Skills:
 + Level 0.1 Short Blades
 + Level 2.2 Dodging
 + Level 1.6 Stealth
 + Level 3.0 Spellcasting


You couldn't memorise any spells.
You knew the following spells:

 Your Spells              Type           Power      Damage    Failure   Level
a - Foxfire               Conj/Fire      48%        2x1d6     19%         1
b - Scorch                Fire           24%        2d6       28%         2
c - Kindle Blastsparks    Fire/Tloc/Air  24%        2d12      50%         3
d - Inner Flame           Hex/Fire       12%        N/A       50%         3
e - Flame Wave            Conj/Fire      12%        2d6       88%         4
Your spell library was empty.

Dungeon Overview and Level Annotations

Branches:
Dungeon (1/15)

Altars:
Makhleb


Innate Abilities, Weirdness & Mutations

You are immune to sickness and miasma.
You are immune to poison.
Your flesh is very heat resistant. (rF++)
You are vulnerable to cold. (rC-)
You float through the air rather than walking.
You learn spells naturally, not from books.
Your magical power is your life essence.
You have superior vitality. (+4 MHP)


Message History

You see here a +0 scale mail.
A rat comes into view.
A rat is nearby!
The rat bites you but does no damage.
You closely miss the rat. You punch the rat, but do no damage.
The rat bites you but does no damage.
You hit the rat.
The rat is severely wounded.
The rat completely misses you.
You closely miss the rat. You punch the rat.
You kill the rat!
Makhleb accepts your kill.
You see here a rat corpse.
Found a dagger.
You see here a rat corpse.
An endoplasm comes into view.
An endoplasm is nearby!
A kobold comes into view. It is wielding a +0 short sword.
Found a stone staircase leading down.
An endoplasm comes into view.
Found a ring mail and a mace.
Found a stone staircase leading down.
The kobold shouts!
The endoplasm quivers.
The endoplasm quivers.
The kobold barely misses you. The endoplasm hits you.
The endoplasm freezes you.
You are frozen!
You feel a terrible chill!
You hit the endoplasm.
The endoplasm is lightly wounded.
The endoplasm hits you. The kobold hits you but does no damage.
The endoplasm freezes you.
You are frozen.
You feel a terrible chill!
* * * LOW HITPOINT WARNING * * *
You hit the endoplasm but do no damage.
The endoplasm is lightly wounded.
The kobold barely misses you.
The endoplasm hits you but does no damage.
The endoplasm freezes you.
You are frozen!
You feel a terrible chill!
You die...

##..... ############
#..#### ###
#..........# #...##.
#.# #..........#
#...... #.#
#.....)....######..⌠...
#.##
#.............>.....###
#..# #..........#
##..#<' ##.#
#.....JJ...# #..###
#.## #..>..@K...#
#.⌠... #..#
#.>........# #.......
##.# #[.........#
##.##.## #.#
######.###.# #. #. #.#
#.# #.# # .. #.#
#.###.# .## #.# #..##.#
.### #.# ##.##.# #.#..
######.## ###.##.#
.....


You could see 2 endoplasms and a kobold.

Vanquished Creatures
  A dart slug (D:1)
  An endoplasm (D:1)
  A giant cockroach (D:1)
  A goblin (D:1)
  5 hobgoblins (D:1)
  A frilled lizard (D:1)
  A kobold (D:1)
  2 rats (D:1)
13 creatures vanquished.

Vanquished Creatures (others)
  7 foxfires (D:1)
7 creatures vanquished.

Grand Total: 20 creatures vanquished

Notes
Turn   | Place    | Note
-------+----------+-------------------------------------------
     0 | D:1      | BradSin the Djinni Fire Elementalist began the quest for
                  | the Orb.
     0 | D:1      | BradSin set off with the following spells memorised:
                  | Foxfire, Scorch, Kindle Blastsparks, Inner Flame, Flame
                  | Wave.
     0 | D:1      | Reached XP level 1. HP: 15/15 MP: 0/0
   105 | D:1      | Reached XP level 2. HP: 15/21 MP: 0/0
   238 | D:1      | Reached skill level 3 in Spellcasting
   273 | D:1      | Found a faded altar of an unknown god.
   305 | D:1      | Prayed at the altar of an unknown god.
   305 | D:1      | Became a worshipper of Makhleb the Destroyer
   305 | D:1      | Reached * piety under Makhleb
   480 | D:1      | Frozen to death by an endoplasm

Illustrated notes

Levels and vault maps discovered:
D:1:      scummos_arrival_simple_fountains, layout_rooms,
          nicolae_ecumenical_lake_church, nicolae_figureground_pulse

Skill      XL: |  1  2 |
---------------+-------+-----
Spellcasting   | 3 |  3.0
Short Blades   | |  0.1
Dodging        | |  2.2
Stealth        | |  1.6

Action                   || total
-------------------------++-------
Melee: Dagger            ||    52
       Unarmed           ||     3
       Punch             ||     2
 Cast: Foxfire           ||     4
Armor: Ring mail         ||    38
Dodge: Dodged            ||    44

Table legend: (Time is in decaauts)
 A = Elapsed time spent in this place.
 B = Non-inter-level travel time spent in this place.
 C = Inter-level travel time spent in this place.
 D = Time resting spent in this place.
 E = Time spent auto-exploring this place.
 F = Levels seen in this place.
 G = Mean time per level.
                   A        B        C        D        E       F      G
               +--------+--------+--------+--------+--------+-----+--------+
         Total |    479 |    479 |      0 |      0 |    206 |   1 |  479.0 |
       Dungeon |    479 |    479 |      0 |      0 |    206 |   1 |  479.0 |
               +--------+--------+--------+--------+--------+-----+--------+

Top non-repeatable levels by time:
     D:1: 479 daAuts
